 Dungeon Crawl Stone Soup version 0.22.1-1-ga44c0e5 (webtiles) character file.

709 Lauz the Chiller (level 7, 0/36 HPs)
             Began as a Deep Elf Ice Elementalist on Oct 29, 2018.
             Was a Follower of Vehumet.
             Slain by a bullfrog zombie (3 damage)
             ... on level 5 of the Dungeon.
             The game lasted 00:20:44 (5044 turns).

Lauz the Chiller (Deep Elf Ice Elementalist)        Turns: 5044, Time: 00:20:45

Health: 0/36       AC:  3    Str:  5    XL:     7   Next: 40%
Magic:  1/18       EV: 13    Int: 22    God:    Vehumet [*.....]
Gold:   244        SH:  0    Dex: 15    Spells: 11/18 levels left

rFire    . . .     SeeInvis .   g - +1 dagger (drain)
rCold    . . .     Gourm    .   (no shield)
rNeg     . . .     Faith    .   a - +0 robe
rPois    .         Spirit   .   (no helmet)
rElec    .         Reflect  .   l - +0 cloak
rCorr    .         Harm     .   (no gloves)
MR       .....                  (no boots)
Stlth    ++........             (no amulet)
HPRegen  0.12/turn              (no ring)
MPRegen  0.16/turn              (no ring)

@: no status effects
A: no striking features
a: Renounce Religion


You were on level 5 of the Dungeon.
You worshipped Vehumet.
Vehumet was aware of your devotion.
You were hungry.

You visited 1 branch of the dungeon, and saw 5 of its levels.

You collected 244 gold pieces.

Inventory:

Hand Weapons
 g - a +1 dagger of draining (weapon)
Armour
 a - a +0 robe (worn)
 l - a +0 cloak (worn)
Jewellery
 k - a +3 ring of intelligence {unknown}
 r - an uncursed ring of see invisible {unknown}
 t - an uncursed ring of fire {unknown}
Wands
 o - a wand of disintegration (10)
Scrolls
 e - 2 scrolls of teleportation {unknown}
 f - 4 scrolls of amnesia {unknown}
 h - 4 scrolls of blinking {unknown}
 i - 5 scrolls of remove curse {unknown}
 m - 9 scrolls of identify {unknown}
 u - a scroll of random uselessness {unknown}
 v - a scroll of immolation {unknown}
Potions
 b - 7 potions of curing {unknown}
 d - 3 potions of flight {unknown}
 j - a potion of agility {unknown}
 n - 2 potions of heal wounds {unknown}
 p - 2 potions of brilliance {unknown}
 q - a potion of lignification {unknown}
 s - 2 potions of berserk rage {unknown}
Comestibles
 c - 7 rations


   Skills:
 - Level 2.4 Dodging
 - Level 2.4 Stealth
 + Level 6.3 Spellcasting
 * Level 3.9 Conjurations
 * Level 7.3 Ice Magic


You had 11 spell levels left.
You knew the following spells:

 Your Spells              Type           Power        Failure   Level  Hunger
a - Freeze                Ice            ####         1%          1    None
b - Throw Frost           Conj/Ice       ####..       1%          2    None
c - Throw Icicle          Conj/Ice       ####....     9%          4    ###....

Your spell library contained the following spells:

 Spells                   Type           Power        Failure   Level  Hunger
 Sting                    Conj/Pois      ###.         4%          1    None
 Ozocubu's Armour         Chrm/Ice       ###.....     6%          3    #......
 Confusing Touch          Hex            #.....       9%          1    None
 Summon Ice Beast         Ice/Summ       ###.....     19%         4    ###....
 Confuse                  Hex            #.......     26%         3    #......
 Gell's Gravitas          Tloc           #.........   26%         3    #......
 Metabolic Englaciation   Hex/Ice        ###.......   47%         5    #####..
 Petrify                  Tmut/Erth      #.......     65%         4    ###....
 Yara's Violent Unravell  Hex/Tmut       #.........   94%         5    #####..


Dungeon Overview and Level Annotations

Branches:
Dungeon (5/15)
 Temple: D:4-7

Altars:
Vehumet


Message History

The bullfrog zombie closely misses you. The bullfrog zombie barely misses you.
You hit the bullfrog zombie.
The bullfrog zombie is almost destroyed.
The bullfrog zombie hits you.
Casting: Throw Icicle (safe; 9% risk of failure)
Confirm with . or Enter, or press ? or * to list all spells.
Aiming: Freeze (safe; 1% risk of failure)
Press: ? - help, Shift-Dir - straight line, f/p - bullfrog zombie
Aim: a bullfrog zombie (almost destroyed)
You freeze the bullfrog zombie.
The bullfrog zombie resists.
The bullfrog zombie is almost destroyed.
The bullfrog zombie barely misses you.
You hit the bullfrog zombie but do no damage.
The bullfrog zombie is almost destroyed.
The bullfrog zombie hits you.
* * * LOW HITPOINT WARNING * * *
The bullfrog zombie hits you.
* * * LOW HITPOINT WARNING * * *
The bullfrog zombie hits you.
You die...

#.#...##.# #.# #
#.#...##.####.# #
#.............# ##
###..###.###### #.
#..# #.# #.
#..###.###########.
#....#.............
#...).##.#########.
#.@....#.# #.
#.Z......# #.
##.....#.# #.
#....##.# #.
#...###.# #######.
#...............#.
#.#.#.#....>......
#....##.. ######.#.
#..... ..# #.#.


You could see a bullfrog zombie.

Vanquished Creatures
  A sky beast (D:5)
  An ogre (D:4)
  A bullfrog (D:3)
  2 scorpions (D:4)
  A howler monkey (D:4)
  2 hounds (D:4)
  Terence (D:2)
  2 worker ants
  3 gnolls (D:3)
  8 adders
  An adder skeleton (D:4)
  2 worms
  2 dart slugs
  2 leopard geckos
  4 orcs
  10 bats
  5 giant cockroaches
  4 goblins
  12 hobgoblins
  6 jackals (D:2)
  4 quokkas
  5 frilled lizards
  5 kobolds
  A quokka skeleton (D:4)
  5 rats
90 creatures vanquished.

Notes
Turn   | Place    | Note
-------+----------+-------------------------------------------
     0 | D:1      | Lauz the Deep Elf Ice Elementalist began the quest for the
                  | Orb.
     0 | D:1      | Reached XP level 1. HP: 10/10 MP: 6/6
   191 | D:1      | Reached XP level 2. HP: 15/15 MP: 6/8
   267 | D:1      | Reached skill level 4 in Ice Magic
   627 | D:2      | Noticed Terence
   633 | D:2      | Learned a level 2 spell: Throw Frost
   703 | D:2      | Killed Terence
   703 | D:2      | Reached XP level 3. HP: 14/19 MP: 0/10
  1190 | D:2      | Reached XP level 4. HP: 7/24 MP: 0/11
  1677 | D:2      | Reached skill level 5 in Ice Magic
  2189 | D:3      | Found a radiant altar of Vehumet.
  2198 | D:3      | Became a worshipper of Vehumet
  2347 | D:3      | Reached XP level 5. HP: 28/28 MP: 8/13
  2710 | D:3      | Reached skill level 6 in Ice Magic
  3126 | D:4      | Reached skill level 5 in Spellcasting
  3126 | D:4      | Reached XP level 6. HP: 25/32 MP: 7/15
  3196 | D:4      | Reached * piety under Vehumet
  3196 | D:4      | Offered knowledge of Sting by Vehumet.
  3992 | D:4      | Reached skill level 7 in Ice Magic
  3992 | D:4      | Reached XP level 7. HP: 36/36 MP: 7/17
  4001 | D:4      | Learned a level 4 spell: Throw Icicle
  4517 | D:5      | Entered Level 5 of the Dungeon
  5044 | D:5      | Slain by a bullfrog zombie

Skill      XL: |  1  2  3  4  5  6  7 |
---------------+----------------------+-----
Ice Magic      | 4 5 6 7 |  7.3
Spellcasting   | 4 5 6 |  6.3
Conjurations   | 2 3 |  3.9
Dodging        | |  2.4
Stealth        | |  2.4

Action                   |  1- 3 |  4- 6 |  7- 9 || total
-------------------------+-------+-------+-------++-------
Melee: Unarmed           |     1 |       |       ||     1
       Dagger            |     3 |     3 |     9 ||    15
 Cast: Freeze            |    34 |    46 |    10 ||    90
       Throw Frost       |    21 |    84 |    12 ||   117
       Throw Icicle      |       |       |     6 ||     6
  Eat: Chunk             |     1 |     7 |     2 ||    10
       Ration            |       |     1 |       ||     1
Armor: Robe              |     5 |     6 |     2 ||    13
Dodge: Dodged            |    18 |    22 |    14 ||    54
